 Dungeon Crawl Stone Soup version 0.30.0-7-g0c4daa9e05 (webtiles) character file.

Game seed: 11453135367729066364

819 Atelerd the Sneak (level 7, 0/43 (45) HPs)
             Began as an Octopode Earth Elementalist on May 13, 2023.
             Slain by a black bear (3 damage)
             ... on level 6 of the Dungeon.
             The game lasted 00:08:29 (5538 turns).

Atelerd the Sneak (Octopode Earth Elementalist)     Turns: 5538, Time: 00:08:30

HP:   0/43 (45)     AC:  1    Str:  7    XL:     7   Next: 95%
MP:   11/14         EV: 13    Int: 19    God:
Gold: 210           SH:  5    Dex: 13    Spells: 10/15 levels left

rFire   . . .        B - +8 falchion of Loteyxim {pain, rC+}
rCold   + . .        (no shield)
rNeg    + + .        (helmet restricted)
rPois   .            x - amulet of reflection
rElec   .            l - ring of positive energy
rCorr   +            j - ring of willpower
SInv    .            u - ring of resist corrosion
Will    +....        A - ring of positive energy
Stlth   ++++         (no ring)
HPRegen 0.27/turn    (no ring)
MPRegen 0.14/turn    (no ring)
                     (no ring)

%: reflection
@: about to teleport, attractive, very slightly contaminated, lightly drained
A: almost no armour, amphibious, 8 rings, camouflage 1, gelatinous body 1,
(nimble swimmer 1), tentacles
a: no special abilities


You were on level 6 of the Dungeon.
You visited 2 branches of the dungeon, and saw 7 of its levels.
You also visited: Sewer.

You collected 210 gold pieces.

Inventory:

Hand Weapons
 d - a +0 spear
 e - a +0 short sword
 m - a +0 dagger of speed
 B - the +8 falchion of Loteyxim (weapon) {pain, rC+}
   (You found it on level 5 of the Dungeon)

   rC:        It protects you from cold.
Jewellery
 j - a ring of willpower (right tentacle)
 l - a ring of positive energy (left tentacle)
 u - a ring of resist corrosion (on tentacle)
 x - an amulet of reflection (around mantle)
 A - a ring of positive energy (on tentacle)
Wands
 t - a wand of polymorph (3)
 z - a wand of digging (6)
Scrolls
 b - 2 scrolls of fog {unknown}
 c - 3 scrolls of identify {unknown}
 g - 2 scrolls of enchant armour
 h - a scroll of vulnerability {unknown}
 k - 4 scrolls of teleportation
 r - a scroll of amnesia {unknown}
 v - 2 scrolls of poison {unknown}
 w - a scroll of summoning {unknown}
 y - a scroll of noise {unknown}
 D - a scroll of enchant weapon {unknown}
Potions
 f - 2 potions of attraction
 i - 2 potions of might {unknown}
 n - a potion of flight {unknown}
 o - 2 potions of curing {unknown}
 p - 5 potions of haste {unknown}
 s - a potion of berserk rage {unknown}
 C - a potion of resistance {unknown}


   Skills:
 - Level 2.0 Fighting
 - Level 2.0 Short Blades
 - Level 2.0 Dodging
 + Level 6.2 Stealth
 + Level 4.6 Spellcasting
 - Level 3.0 Transmutations
 - Level 5.0 Earth Magic


You had 10 spell levels left.
You knew the following spells:

 Your Spells              Type           Power      Damage    Failure   Level
a - Sandblast             Erth           46%        2d11      1%          1
p - Petrify               Tmut/Erth      19%        N/A       24%         4

Your spell library contained the following spells:

 Spells                   Type           Power      Damage    Failure   Level
 Passwall                 Tmut/Erth      15%        N/A       3%          2
 Stone Arrow              Conj/Erth      26%        3d8       14%         3
 Ensorcelled Hibernation  Hex/Ice        8%         N/A       19%         2
 Poisonous Vapours        Pois/Air       8%         N/A       19%         2
 Mephitic Cloud           Conj/Pois/Air  4%         N/A       36%         3
 Swiftness                Air            4%         N/A       36%         3
 Animate Dead             Necr           4%         N/A       77%         4
 Passage of Golubria      Tloc           4%         N/A       77%         4
 Borgnjor's Vile Clutch   Necr/Erth      6%         N/A       77%         5
 Freezing Cloud           Conj/Ice/Air   2%         6-21      98%         5
 Silence                  Hex/Air        2%         N/A       98%         5
 Death Channel            Necr           2%         N/A       100%        6
 Lehudib's Crystal Spear  Conj/Erth      6%         10d3      100%        8


Dungeon Overview and Level Annotations

Branches:
Dungeon (6/15)             Temple (1/1) D:5           Sewer (visited)

Altars:
Ashenzari
Cheibriados
Dithmenos
Elyvilon
Fedhas
Hepliaklqana
Kikubaaqudgha
Makhleb
Nemelex Xobeh
Okawaru
Qazlal
Uskayaw
Vehumet
Xom
Yredelemnul
Zin
The Shining One

Shops:
D:4 =

Annotations:
D:3 exclusion: statue


Innate Abilities, Weirdness & Mutations

You cannot wear most types of armour.
You are amphibious.
You can wear up to eight rings at the same time.
Your skin changes colour to match your surroundings (Stealth+).
Your rubbery body absorbs attacks. (AC +1, EV +1)
((You are camouflaged when in or above water. (Stealth+)))
You have tentacles for arms and can constrict up to eight enemies at once.


Message History

Aiming: Petrify (quite dangerous; 24% risk of failure)
Press: ? - help, Shift-Dir - straight line, f/p - black bear
Aim: a black bear (chance to affect: 51%)
The black bear resists with significant effort.
The black bear completely misses you. The black bear claws you. x2
The wight is attracted toward you.
Unknown command.
As you read the scroll labelled JAXU WOIS LUF, it crumbles to dust.
It is a scroll of enchant armour.
You aren't carrying any armour which can be enchanted further.
The wight barely misses you. The black bear bites you!
* * * LOW HITPOINT WARNING * * *
The black bear claws you.
* * * LOW HITPOINT WARNING * * *
The black bear claws you.
* * * LOW HITPOINT WARNING * * *
You feel much better. The wight hits you with a +3 war axe!
The black bear bites you. The black bear closely misses you.
The black bear claws you.
You feel much better. The wight barely misses you. The black bear bites you.
The black bear closely misses you. The black bear misses you.
As you read the scroll labelled ZESISE NIUJO, it crumbles to dust.
You feel strangely unstable.
It was a scroll of teleportation.
The wight hits you with a +3 war axe! You partially resist.
You feel drained. The black bear closely misses you.
The black bear barely misses you. The black bear closely misses you.
The wight barely misses you. The wight is attracted toward you.
The black bear attacks as you move away!
The black bear completely misses you. The black bear misses you.
The black bear claws you. The black bear is attracted toward you.
The wight attacks as you move away! The wight hits you with a +3 war axe!
* * * LOW HITPOINT WARNING * * *
You partially resist.
You feel drained.
The black bear attacks as you move away!
The black bear bites you!
* * * LOW HITPOINT WARNING * * *
The black bear claws you.
* * * LOW HITPOINT WARNING * * *
The black bear claws you.
You die...

##.#...##...##
##............##
..............# ##.
#............# ..
#............#### ..
#..............# #.
##.....#z§.####.####
#..#..###.......#
#.#..# ##........# #
##..# ###......#
##... #......# ##..#
#......# .z..
#......# ##zz
#.<....# z ########


You could see a black bear and 2 wights.

Vanquished Creatures
  Edmund (D:4)
  A water moccasin (D:5)
  An ogre (D:5)
  A scorpion (D:5)
  2 hounds
  2 orc priests (D:5)
  An iron imp (D:3)
  Terence (D:2)
  An iguana (D:6)
  Ijyb (D:3)
  An orc wizard (D:4)
  A hell rat (Sewer)
  3 gnolls (D:4)
  2 adders
  2 river rats (Sewer)
  3 worms
  4 dart slugs
  11 orcs
  9 ball pythons
  3 endoplasms
  3 giant cockroaches
  8 goblins
  3 hobgoblins
  7 jackals
  11 kobolds
  3 quokkas
  5 bats
  6 frilled lizards
  13 rats
110 creatures vanquished.

Notes
Turn   | Place    | Note
-------+----------+-------------------------------------------
     0 | D:1      | Atelerd the Octopode Earth Elementalist began the quest for
                  | the Orb.
     0 | D:1      | Reached XP level 1. HP: 11/11 MP: 3/3
   218 | D:1      | Reached XP level 2. HP: 17/17 MP: 5/5
   726 | D:1      | Reached XP level 3. HP: 21/21 MP: 6/6
   954 | D:2      | Noticed Terence
  1369 | D:2      | Reached XP level 4. HP: 25/27 MP: 4/7
  1411 | D:2      | Learned a level 4 spell: Petrify
  1594 | D:2      | Killed Terence
  1848 | D:3      | Noticed Ijyb
  1928 | D:3      | Found a glowing drain.
  1932 | Sewer    | Entered a sewer
  1948 | Sewer    | Reached XP level 5. HP: 31/31 MP: 4/9
  2417 | D:3      | Killed Ijyb
  2528 | D:3      | Found a snail-covered altar of Cheibriados.
  2543 | D:3      | Reached skill level 5 in Earth Magic
  2582 | D:3      | Found a radiant altar of Vehumet.
  2582 | D:3      | Noticed a charred statue
  2898 | D:4      | Reached skill level 3 in Stealth
  2898 | D:4      | Reached XP level 6. HP: 19/37 MP: 6/10
  3097 | D:4      | Found Kipih's Jewellery Shop.
  3334 | D:4      | Reached skill level 1 in Fighting
  3334 | D:4      | Reached skill level 1 in Short Blades
  3699 | D:4      | Noticed Edmund
  3886 | D:4      | Killed Edmund
  3887 | D:4      | Reached skill level 4 in Stealth
  3887 | D:4      | Reached XP level 7. HP: 44/44 MP: 7/12
  4099 | D:5      | Entered Level 5 of the Dungeon
  4382 | D:5      | Found a staircase to the Ecumenical Temple.
  4389 | D:5      | Identified the +8 falchion of Loteyxim {pain, rC+}
  4526 | Temple   | Entered the Ecumenical Temple
  4798 | D:5      | Found an ancient bone altar of Kikubaaqudgha.
  4901 | D:5      | Reached skill level 5 in Stealth
  5113 | D:5      | Reached skill level 6 in Stealth
  5538 | D:6      | Slain by a black bear

Illustrated notes

Levels and vault maps discovered:
D:1:      psy_arrival_conway, layout_basic, minmay_misc_feat_rugged
D:2:      layout_rooms, uniq_terence
D:3:      layout_basic, slow_altar_2, vehumet_statue, gup_sewer_entry_bowl,
          uniq_ijyb
D:4:      layout_loops_cross, nicolae_wooded_promenade, uniq_edmund
D:5:      layout_loops_ring, kiku_gazebo_pond_becter,
          minmay_temple_entry_glassed_door
D:6:      layout_rooms
Temple:   dpeg_chambers_temple

Skill      XL: |  1  2  3  4  5  6  7 |
---------------+----------------------+-----
Transmutations | 2 3 |  3.0
Earth Magic    | 4 5 |  5.0
Spellcasting   | 3 4 |  4.6
Stealth        | 3 4 6 |  6.2
Fighting       | 1 2 |  2.0
Short Blades   | 1 2 |  2.0
Dodging        | |  2.0

Action                     |  1- 3 |  4- 6 |  7- 9 || total
---------------------------+-------+-------+-------++-------
  Melee: Tentacles         |     5 |    18 |     6 ||    29
         Constrict         |     7 |     9 |     3 ||    19
         Unarmed           |     3 |       |       ||     3
         Short sword       |    13 |       |       ||    13
         Spear             |     1 |       |       ||     1
         Dagger            |       |    55 |    12 ||    67
         Punch             |       |     2 |       ||     2
         Falchion          |       |       |    15 ||    15
   Cast: Sandblast         |    42 |    72 |    20 ||   134
         Petrify           |       |    12 |    12 ||    24
  Evoke: Wand              |       |     1 |     1 ||     2
    Use: Potion            |       |       |     6 ||     6
         Scroll            |       |       |     2 ||     2
   Stab: Sleeping          |     2 |     2 |     1 ||     5
         Petrified         |       |    41 |    14 ||    55
         Distracted        |       |     1 |       ||     1
 Armour: Skin              |     5 |     3 |     3 ||    11
  Dodge: Dodged            |    51 |    24 |    26 ||   101
  Block: Other             |       |     3 |     7 ||    10
